 Dungeon Crawl Stone Soup version 0.19-a0-1704-gbd66c22 (webtiles) character file.

70 4thArraOfDagon the Firebug (level 4, 0/24 HPs)
             Began as a Deep Elf Fire Elementalist on Sept 27, 2016.
             Was an Initiate of Ru.
             Succumbed to an adder's poison
             ... on level 6 of the Dungeon.
             The game lasted 00:03:19 (583 turns).

4thArraOfDagon the Firebug (DEFE)                    Turns: 583, Time: 00:03:20

Health: 0/24       AC:  3    Str:  5    XL:     4   Next: 3%
Magic:  4/11       EV: 13    Int: 21    God:    Ru [......]
Gold:   82         SH:  0    Dex: 15    Spells: 2 memorised, 6 levels left

rFire  + . .     SeeInvis .     g - +0 spear
rCold  + . .     Gourm    .     a - +0 robe
rNeg   . . .     Faith    .     (no shield)
rPois  +         Spirit   .     (no helmet)
rElec  +         Dismiss  .     (no cloak)
rCorr  +         Reflect  .     (no gloves)
MR     +....     Harm     .     (no boots)
Stlth  ++........               (no amulet)
                                (no ring)
                                j - ring of protection from magic (curse)

@: lethally poisoned (0 -> -4), resistant
A: no striking features
a: Renounce Religion


You were on level 6 of the Dungeon.
You worshipped Ru.
Ru was noncommittal.
You were not hungry.

You visited 1 branch of the dungeon, and saw 6 of its levels.

You collected 82 gold pieces.

Inventory:

Hand Weapons
 g - a +0 spear (weapon)
Armour
 a - a +0 robe (worn)
Jewellery
 j - a cursed ring of protection from magic (left hand)
Wands
 h - a wand of polymorph (0/24)
 k - a wand of flame (30/48)
Scrolls
 e - 2 scrolls of remove curse {unknown}
 i - a scroll of fog {unknown}
 l - 3 scrolls of identify {unknown}
 m - a scroll of teleportation {unknown}
 n - a scroll of enchant armour {unknown}
 o - a scroll of random uselessness {unknown}
Potions
 d - a potion of resistance
Books
 b - a book of Flames

   Spells                             Type                      Level
   a - Flame Tongue                   Conjuration/Fire             1
   b - Throw Flame                    Conjuration/Fire             2
   c - Conjure Flame                  Conjuration/Fire             3
   d - Inner Flame                    Hexes/Fire                   3
   e - Sticky Flame                   Conjuration/Fire             4
   f - Fireball                       Conjuration/Fire             5
Comestibles
 c - 3 bread rations
 f - a beef jerky


   Skills:
 - Level 2.4 Dodging
 - Level 2.4 Stealth
 + Level 3.8 Spellcasting
 * Level 2.9 Conjurations
 * Level 4.1 Fire Magic


You had 6 spell levels left.
You knew the following spells:

 Your Spells              Type           Power        Failure   Level  Hunger
a - Flame Tongue          Conj/Fire      ###..        3%          1    None
b - Conjure Flame         Conj/Fire      ###.....     12%         3    ###....


Dungeon Overview and Level Annotations

Branches:
Dungeon (6/15)
 Temple: D:4-7

Altars:
Fedhas
Okawaru
Ru


Message History

The phantom is moderately damaged.
You feel sick. The adder bites you.
* * * LOW HITPOINT WARNING * * *
Casting: Flame Tongue
Confirm with . or Enter, or press ? or * to list all spells.
Aiming: Flame Tongue
Press: ? - help, Shift-Dir - straight line, f/p - adder
Aim: an adder (heavily wounded)
The flame tongue hits the adder.
You kill the adder!
You have reached level 4!
You feel clever.
The phantom blinks!
It was a potion of resistance.
You feel protected.
* * * LOW HITPOINT WARNING * * *
You feel sick.
Unknown command.
Unknown command.
You die...

#########
#.....Y.#
#.#####.#
##.#####.#####
#####..$(<.......$
#.Y†.......#..###.
#.###W.##..#...#
#.# #..##........
#@# #..##......##.
#.# #.........##
... #.####.##.#
##.#%#?# #.. ..
..#.#.. .## # . #.


You could see an ice beast.

Vanquished Creatures
  Jessica (D:3)
  A hound zombie (D:5)
  An adder (D:6)
  An ooze (D:5)
  3 leopard geckos
  A giant cockroach (D:3)
  A kobold (D:1)
  4 bats
  A frilled lizard (D:1)
  3 rats
17 creatures vanquished.

Notes
Turn   | Place    | Note
-------+----------+-------------------------------------------
     0 | D:1      | 4thArraOfDagon the Deep Elf Fire Elementalist began the quest for the Orb.
     0 | D:1      | Reached XP level 1. HP: 10/10 MP: 6/6
   138 | D:1      | Reached XP level 2. HP: 12/15 MP: 0/8
   209 | D:2      | Found a blossoming altar of Fedhas.
   291 | D:3      | Noticed Jessica
   296 | D:3      | Killed Jessica
   296 | D:3      | Reached XP level 3. HP: 19/19 MP: 7/9
   345 | D:4      | Found a sacrificial altar of Ru.
   352 | D:4      | Became a worshipper of Ru the Awakened
   375 | D:4      | Found an iron altar of Okawaru.
   401 | D:5      | Entered Level 5 of the Dungeon
   415 | D:5      | Learned a level 3 spell: Conjure Flame
   455 | D:5      | Reached skill level 4 in Fire Magic
   489 | D:5      | Noticed a wasp
   489 | D:5      | an orc wizard changed into a wasp
   490 | D:5      | a wasp changed into an ooze
   557 | D:6      | Noticed an ice beast
   559 | D:6      | Noticed a phantom
   579 | D:6      | Reached XP level 4. HP: 2/24 MP: 3/11
   581 | D:6      | HP: 1/24 [poisoned by an adder]
   583 | D:6      | Succumbed to an adder's poison

Vault maps used:
D:1:      dpeg_arrival_simpleton_c, minmay_small_reverse_x
D:2:      marbit_many_paths
D:3:      uniq_robin, uniq_sigmund, uniq_jessica
D:4:      kennysheep_slugbush, nicolae_overflow_crystal_walls,
          cheibrodos_ashenzari_chains, okawaru_ov_weapons_minmay,
          roderic_lattice_a
D:5:      first_bread, hex_tiny

Skill      XL: |  1  2  3 |
---------------+----------+-----
Conjurations   | 2 |  2.9
Fire Magic     | 4 |  4.1
Dodging        | |  2.4
Stealth        | |  2.4
Spellcasting   | |  3.8

Action                   |  1- 3 |  4- 6 || total
-------------------------+-------+-------++-------
Melee: Unarmed           |     4 |       ||     4
       Spear             |     6 |       ||     6
 Cast: Flame Tongue      |    30 |     1 ||    31
       Conjure Flame     |     1 |       ||     1
Evoke: Wand              |     2 |       ||     2
  Use: Potion            |       |     1 ||     1
 Stab: Sleeping          |     1 |       ||     1
Armor: Robe              |    20 |       ||    20
Dodge: Dodged            |    46 |       ||    46
